 Dungeon Crawl Stone Soup version 0.18.0-1-g0107ab7 (webtiles) character file.

947 epen the Ruffian (level 8, -13/69 HPs)
             Began as a Ghoul Monk on May 5, 2016.
             Was a Priest of Cheibriados.
             Mangled by Menkaure (20 damage)
             ... on level 5 of the Dungeon.
             The game lasted 00:06:59 (3896 turns).

epen the Ruffian (Ghoul Monk)                       Turns: 3896, Time: 00:06:59

Health: -13/69     AC: 11    Str: 20 (21) XL:     8   Next: 13%
Magic:  7/7        EV: 14    Int: 10 (11) God:    Cheibriados [***...]
Gold:   274        SH:  0    Dex: 18 (19) Spells: 0 memorised, 7 levels left

rFire  + . .     SeeInvis .       - Unarmed
rCold  + + .     Gourm    .     m - +0 ring mail {rF+}
rNeg   + + +     Faith    +     (no shield)
rPois  ∞         Spirit   .     u - +2 helmet
rElec  .         Dismiss  .     r - +0 cloak
rCorr  .         Reflect  .     q - +0 pair of gloves
SustAt .         Harm     .     (no boots)
MR     .....                    w - amulet of faith
Stlth  ++........               (no ring)
                                i - ring of protection from cold

@: very slightly contaminated, rotting, hasted, not resistant to hostile
enchantments, unstealthy
A: rotting body, claws 1, carnivore 3, cold resistance 1, negative energy
resistance 3, slow regeneration 1, torment resistance, unbreathing
a: Bend Time, Temporal Distortion, Renounce Religion


You were on level 5 of the Dungeon.
You worshipped Cheibriados.
Cheibriados was most pleased with you.
You were not hungry.

You visited 2 branches of the dungeon, and saw 6 of its levels.

You collected 274 gold pieces.

Inventory:

Missiles
 x - a throwing net (quivered)
Armour
 m - a +0 ring mail of fire resistance (worn)
 q - a +0 pair of gloves (worn)
 r - a +0 cloak (worn)
 u - a +2 helmet (worn)
Jewellery
 d - an uncursed amulet of magic regeneration
 e - an uncursed amulet of harm
 i - a ring of protection from cold (left hand)
 w - an amulet of faith (around neck)
Scrolls
 a - 3 scrolls of remove curse {unknown}
 c - 4 scrolls of identify
 j - a scroll of teleportation {unknown}
 k - 3 scrolls of amnesia {unknown}
 o - 4 scrolls of fear {unknown}
 t - a scroll of enchant weapon {unknown}
 v - 2 scrolls of random uselessness {unknown}
 y - 2 scrolls of enchant armour {unknown}
Potions
 g - 2 potions of haste
 h - a potion of invisibility {unknown}
 l - a potion of flight
 n - a potion of cancellation {unknown}
 p - a potion of brilliance {unknown}
 s - 2 potions of curing
Comestibles
 b - 7 meat rations
 f - 3 beef jerkies


   Skills:
 + Level 5.5 Fighting
 + Level 2.9 Armour
 * Level 5.4 Dodging
 - Level 2.1 Stealth
 * Level 7.1 Unarmed Combat


You had 7 spell levels left.
You didn't know any spells.

Dungeon Overview and Level Annotations

Branches:
Dungeon (5/15)             Temple (1/1) D:4

Altars:
Ashenzari
Cheibriados
Fedhas
Gozag
Kikubaaqudgha
Makhleb
Nemelex Xobeh
Okawaru
Qazlal
Ru
Sif Muna
Vehumet
Xom
Yredelemnul
The Shining One

Annotations:
D:5 Menkaure


Innate Abilities, Weirdness & Mutations

Your body is rotting away.
You thrive on raw meat.
You are immune to poison.
You have sharp fingernails.
You are carnivorous and can eat meat at any time.
Your flesh is cold resistant.
You are immune to negative energy.
You regenerate slowly when monsters are visible.
You are immune to unholy pain and torment.
You can survive without breathing.


Message History

Okay, then.
Drink which item? (? for menu, Esc to quit)
It was a potion of haste.
You feel yourself speed up.
Cheibriados forgives your accidental hurry, just this once.
Menkaure hits you but does no damage.
You are very lightly contaminated with residual magic.
Drink which item? (? for menu, Esc to quit)
It was a potion of degeneration.
There was something very wrong with that liquid.
You feel weakened.
You feel dopey.
You feel clumsy. Menkaure completely misses you.
Drink which item? (? for menu, Esc to quit)
It was a potion of curing.
You feel better. Menkaure completely misses you.
Read which item? (? for menu, Esc to quit)
As you read the scroll labeled GIUREY CUDIQ, it crumbles to dust.
It is a scroll of identify.
Identify which item? (\ to view known items) (? for menu, Esc to quit)
l - a potion of flight Menkaure hits you!!
You die...

.#.##....# #.###...###### ..
#.#.#######...(......######
##
##........................##
.##
##.#.#######..........####...
#>###.##.# #.###...#### #.##
...#.###.# #.# #...# #.#
#........# #.# #...# ###.##
##.####### #.# ##### #.....
#.....(..# #@# ##.P.P[
.#######.# #M# #..._.. ## #.#
#.# #..P[P. # #.# #.# #......
#.# #.# #.#..## ########.#
#.# #....# .......#.## #.#
####.# ####....#.# #.. #.# #
#.#.#.## #.#


You could see Menkaure.

Vanquished Creatures
  Prince Ribbit (D:5)
  Sigmund (D:2)
  2 ogres
  A scorpion (D:5)
  2 hounds (D:4)
  A jelly (D:5)
  2 iguanas (D:4)
  A worker ant (D:5)
  A howler monkey zombie (D:3)
  Robin (D:3)
  3 gnolls (D:5)
  5 adders
  An ooze (D:4)
  An adder skeleton (D:4)
  A worm (D:2)
  3 dart slugs (D:1)
  5 giant geckos
  5 orcs
  6 giant cockroaches
  12 goblins
  12 hobgoblins
  2 jackals (D:4)
  4 kobolds
  2 quokkas
  2 ball pythons
  9 bats
  4 giant newts
  10 rats
100 creatures vanquished.

Notes
Turn   | Place    | Note
--------------------------------------------------------------
     0 | D:1      | epen the Ghoul Monk began the quest for the Orb.
     0 | D:1      | Reached XP level 1. HP: 19/19 MP: 0/0
    41 | D:1      | Reached XP level 2. HP: 24/26 MP: 1/1
   490 | D:1      | Reached XP level 3. HP: 32/32 MP: 2/2
   991 | D:2      | Noticed Sigmund
  1008 | D:2      | Killed Sigmund
  1008 | D:2      | Reached skill level 1 in Armour
  1008 | D:2      | Reached skill level 5 in Unarmed Combat
  1008 | D:2      | Reached XP level 4. HP: 4/40 MP: 3/3
  1008 | D:2      | Reached XP level 5. HP: 5/46 MP: 4/4
  1852 | D:3      | Reached XP level 6. HP: 50/51 MP: 5/5
  1871 | D:3      | Noticed Robin
  1892 | D:3      | Killed Robin
  2071 | D:3      | Found a blossoming altar of Fedhas.
  2144 | D:3      | Found a glowing golden altar of the Shining One.
  2709 | D:4      | Found a staircase to the Ecumenical Temple.
  2721 | Temple   | Entered the Ecumenical Temple
  2732 | Temple   | Became a worshipper of Cheibriados the Contemplative
  2732 | Temple   | Reached * piety under Cheibriados
  2732 | Temple   | Reached ** piety under Cheibriados
  2864 | D:4      | Reached skill level 6 in Unarmed Combat
  2924 | D:4      | Reached skill level 5 in Fighting
  2924 | D:4      | Reached XP level 7. HP: 50/61 MP: 6/6
  2958 | D:4      | Found a deep blue altar of Sif Muna.
  3223 | D:5      | Entered Level 5 of the Dungeon
  3298 | D:5      | Noticed Prince Ribbit
  3314 | D:5      | Killed Prince Ribbit
  3314 | D:5      | Reached skill level 5 in Dodging
  3558 | D:5      | Reached skill level 7 in Unarmed Combat
  3558 | D:5      | Reached XP level 8. HP: 47/68 MP: 7/7
  3669 | D:5      | Reached *** piety under Cheibriados
  3767 | D:5      | Found a basalt altar of Yredelemnul.
  3880 | D:5      | Noticed Menkaure
  3891 | D:5      | HP: 3/69 [Menkaure (4)]
  3896 | D:5      | Mangled by Menkaure

Skill      XL: |  1  2  3  4  5  6  7 |
---------------+----------------------+-----
Dodging        | 3 4 5 |  5.4
Fighting       | 4 5 |  5.5
Armour         | 1 2 |  2.9
Unarmed Combat | 5 6 7 |  7.1
Stealth        | |  2.1

Action                   |  1- 3 |  4- 6 |  7- 9 || total
-------------------------+-------+-------+-------++-------
Melee: Unarmed           |   106 |   194 |    85 ||   385
       Punch             |     1 |     3 |     3 ||     7
  Use: Potion            |       |       |     3 ||     3
       Scroll            |       |       |     1 ||     1
 Stab: Sleeping          |     7 |     1 |     1 ||     9
  Eat: Chunk             |     3 |    11 |     6 ||    20
Armor: Robe              |    17 |     3 |       ||    20
       Ring mail         |       |    78 |    19 ||    97
Dodge: Dodged            |    62 |   126 |    47 ||   235
